 Dungeon Crawl Stone Soup version 0.17-a0-1718-g72dbe4d (console) character file.

270 Monkaria the Covert (level 6, -4/28 HPs)
             Began as a Felid Berserker on Aug 26, 2015.
             Was a Priest of Trog.
             Slain by Dowan
             ... wielding a +3 dagger of speed
              (6 damage)
             ... on level 5 of the Dungeon.
             The game lasted 00:05:32 (4055 turns).

Monkaria the Covert (Felid Berserker)               Turns: 4055, Time: 00:05:33

Health: -4/28      AC:  2    Str: 15    XL:     6   Next: 1%
Magic:  7/7        EV: 19    Int:  9    God:    Trog [***...]
Gold:   79         SH:  0    Dex: 15    Spells: 0 memorised, 5 levels left
                                        Lives:  0   Deaths: 2

rFire  + . .     SeeInvis +       - Unarmed
rCold  . . .     Clarity  .     (armour unavailable)
rNeg   . . .     SustAt   .     (shield unavailable)
rPois  .         Gourm    .     (helmet unavailable)
rElec  .         Spirit   .     (cloak unavailable)
rCorr  .         Warding  .     (gloves unavailable)
rMut   .         Stasis   .     (boots unavailable)
MR     .....                    (no amulet)
Stlth  +++++.....               h - ring of protection from fire
                                k - ring of wizardry

@: exhausted, slowed, slow, not resistant to hostile enchantments, quite
stealthy
A: no armour, no weapons or thrown items, claws 1, fangs 3, see invisible,
carnivore 3, speed 1, shaggy fur 2, slow metabolism 1, sharp paws
a: Burn Spellbooks, Berserk, Trog's Hand, Renounce Religion


You were on level 5 of the Dungeon.
You worshipped Trog.
Trog was most pleased with you.
You were not hungry.

You visited 2 branches of the dungeon, and saw 6 of its levels.

You collected 229 gold pieces.
You spent 150 gold pieces at shops.

Inventory:

Jewellery
 h - a ring of protection from fire (right paw)
 k - a ring of wizardry (left paw)
Scrolls
 d - a scroll of blinking {unknown}
 e - 4 scrolls of teleportation
 g - a scroll of noise {unknown}
 l - a scroll of immolation {unknown}
 p - a scroll of remove curse
 q - a scroll of enchant armour {unknown}
 r - a scroll of recharging {unknown}
Potions
 c - a potion of heal wounds
 f - a potion of haste
 i - 2 potions of might
 m - a potion of magic
 n - a potion of agility
 o - a potion of lignification
Comestibles
 a - 2 meat rations
 b - a chunk of flesh
 j - a beef jerky


   Skills:
 - Level 3.0 Fighting
 - Level 4.0 Dodging
 + Level 10.1 Stealth
 - Level 4.0 Unarmed Combat


You had 5 spell levels left.
You didn't know any spells.

Dungeon Overview and Level Annotations

Branches:
Dungeon (5/15)             Temple (1/1) D:4

Altars:
Ashenzari
Cheibriados
Dithmenos
Fedhas
Gozag
Kikubaaqudgha
Makhleb
Okawaru
Qazlal
Sif Muna
Vehumet
Xom
Yredelemnul
Zin

Shops:
D:4 ?%%

Annotations:
D:5 Dowan


Innate Abilities, Weirdness & Mutations

You cannot wear armour.
You are incapable of wielding weapons or throwing items.
You have sharp claws.
You have razor-sharp teeth.
You have supernaturally acute eyesight.
You are carnivorous and can eat meat at any time.
You cover ground quickly.
You are covered in thick fur (AC +2).
You have a slow metabolism.
Your sharp claws are effective at attacking unaware monsters.


Message History

Dowan seems to speed up.
You scratch Dowan.
Dowan is severely wounded.
Dowan hits you with a dagger of speed. x2
You closely miss Dowan.
Dowan is severely wounded.
Dowan closely misses you. x2
Dowan misses you.
You barely miss Dowan. You claw Dowan, but do no damage.
Your bite misses Dowan.
Dowan is severely wounded.
Dowan completely misses you. Dowan barely misses you.
You closely miss Dowan. You bite Dowan, but do no damage.
Dowan is severely wounded.
Dowan points at you and mumbles some strange words.
The shard of ice hits you!
Ouch! That really hurt!
* * * LOW HITPOINT WARNING * * *
Dowan hits you with a dagger of speed.
You die...

## #.# #. #.# #.# ..#
####.######## #.#
#...........# #.#
#....e......# #.#
#....@......# #.#
#.....†.....#
##.#######
#...........#
.........#
#........)..#
...#.###.#
####.########
.#.#.#...######.#####
.#.#.#.####.........#
.................)..#
.###................#


You could see Dowan.

Vanquished Creatures
  Duvessa (D:5)
  A giant frog (D:4)
  An ogre (D:4)
  A hound (D:4)
  A giant frog skeleton (D:4)
  An orc wizard (D:3)
  4 worker ants
  A hound skeleton (D:4)
  5 adders
  A gnoll (D:4)
  A worm (D:2)
  An adder skeleton (D:4)
  An adder zombie (D:4)
  9 orcs
  A ball python (D:3)
  9 bats
  7 giant cockroaches
  13 hobgoblins
  11 jackals
  A quokka (D:2)
  3 giant newts
  7 goblins
  A jackal skeleton (D:4)
  5 kobolds
  A quokka skeleton (D:5)
  7 rats
95 creatures vanquished.

Notes
Turn   | Place    | Note
--------------------------------------------------------------
     0 | D:1      | Monkaria the Felid Berserker began the quest for the Orb.
     0 | D:1      | Reached XP level 1. HP: 10/10 MP: 2/2
    98 | D:1      | Reached XP level 2. HP: 11/14 MP: 3/3
   866 | D:2      | Acquired Trog's second power
   866 | D:2      | Reached skill level 1 in Stealth
   866 | D:2      | Reached XP level 3. HP: 17/17 MP: 4/4
  1438 | D:2      | Reached XP level 4. HP: 13/21 MP: 5/5
  1937 | D:3      | Reached skill level 5 in Stealth
  2126 | D:3      | Reached XP level 5. HP: 17/24 MP: 6/6
  2179 | D:3      | Found a burning altar of Makhleb.
  2235 | D:3      | Reached skill level 6 in Stealth
  2467 | D:4      | Noticed an ogre
  2469 | D:4      | Found a shattered altar of Ashenzari.
  2473 | D:4      | Mangled by an ogre
  2474 | D:4      | Reached XP level 4. HP: -9/21 MP: 5/5
  2474 | D:4      | Found Sucwaent's Food Boutique.
  2495 | D:4      | Found Jef Citz's Food Boutique.
  2521 | D:4      | Killed an ogre
  2521 | D:4      | Reached skill level 7 in Stealth
  2521 | D:4      | Reached XP level 5. HP: 24/24 MP: 6/6
  2890 | D:4      | Found a staircase to the Ecumenical Temple.
  2906 | D:4      | Reached skill level 8 in Stealth
  2960 | Temple   | Entered the Ecumenical Temple
  3225 | D:4      | Gained mutation: You are covered in thick fur (AC +2). [Felid growth]
  3225 | D:4      | Reached XP level 6. HP: 28/28 MP: 7/7
  3473 | D:4      | Found Isubed's Magic Scroll Shop.
  3478 | D:4      | Bought a scroll of teleportation for 30 gold pieces
  3478 | D:4      | Bought a scroll of remove curse for 30 gold pieces
  3478 | D:4      | Bought a scroll of identify for 20 gold pieces
  3482 | D:4      | Bought a scroll of identify for 20 gold pieces
  3482 | D:4      | Bought a scroll of identify for 20 gold pieces
  3482 | D:4      | Bought a scroll of teleportation for 30 gold pieces
  3793 | D:4      | Reached skill level 9 in Stealth
  3801 | D:5      | Entered Level 5 of the Dungeon
  3895 | D:5      | Found a blossoming altar of Fedhas.
  3924 | D:5      | Noticed Dowan
  3928 | D:5      | Noticed Duvessa
  3954 | D:5      | Killed Duvessa
  3954 | D:5      | Reached skill level 10 in Stealth
  3954 | D:5      | Reached XP level 7. HP: 31/31 MP: 8/8
  3969 | D:5      | Killed from afar by Dowan
  3970 | D:5      | Reached XP level 6. HP: -3/28 MP: 7/7
  4055 | D:5      | Slain by Dowan

Vault maps used:
D:1:      minmay_arrival_split_and_join
D:3:      minmay_misc_feat_room, bloody_makhleb
D:4:      kennysheep_six_static_rooms, nicolae_overflow_hidden_temple,
          minmay_temple_entry_trees, first_bread, serial_shops, shop,
          nicolae_shop_competitors_out_of_business, shop, serial_bayou_pond_c
D:5:      old_standard_altar, fedhas_altar_3, uniq_duvessa
Temple:   oiseaux_autumnal_temple_12

Action                   |  1- 3 |  4- 6 |  7- 9 || total
-------------------------+-------+-------+-------++-------
Melee: Unarmed           |    71 |   144 |     6 ||   221
Invok: Berserk           |     2 |     6 |     1 ||     9
       Trog's Hand       |       |     1 |     1 ||     2
  Use: Scroll            |       |     6 |       ||     6
 Stab: Sleeping          |    10 |    18 |       ||    28
  Eat: Chunk             |     9 |    17 |       ||    26
